SAAA
PLYMOUTH ROCKS @ PENNSAUKEN FLYERS
08/03/2034
 
TOP OF THE 1ST
Plymouth Rocks batting - Pitching for Pennsauken Flyers : LHP Osiris St. Brown
Pitching: LHP Osiris St. Brown
Batting: LHB Jesús Guillén 0-0: Foul Ball, location: 2F
0-1: Ground out 4-3 (Groundball, 4M)
Batting: RHB Cosmo Bjorkenheim 0-0: Ball
1-0: Called Strike
1-1: Ball
2-1: Ball
3-1: Fly out, F7 (Flyball, 7S)
Batting: RHB Ernesto Trevino 0-0: Ball
1-0: Ball
2-0: SINGLE (Line Drive, 89S)
Batting: RHB Xi-ku See-to 0-0: Ball
1-0: Called Strike
1-1: Ball
2-1: Called Strike
2-2: Ball
3-2: Base on Balls
Ernesto Trevino to second
Batting: SHB Javier Vega 0-0: Foul Ball, location: 2F
0-1: Ball
1-1: Ground out 5-3 (Groundball, 56)
Top of the 1st over - 0 runs, 1 hit, 0 errors, 2 left on base; Plymouth 0 - Pennsauken 0
BOTTOM OF THE 1ST
Pennsauken Flyers batting - Pitching for Plymouth Rocks : RHP Jeff Greer
Pitching: RHP Jeff Greer
Batting: RHB Patrick Eggen 0-0: Called Strike
0-1: Foul Ball, location: 2F
0-2: Ball
1-2: Foul Ball, location: 2F
1-2: SINGLE (Flyball, 4D)
Batting: RHB Leo Cadden 0-0: Fly out, F9 (Flyball, 9S)
Batting: RHB José Rodríguez 0-0: Called Strike
0-1: Hit by Pitch
Patrick Eggen to second
Batting: LHB Arana Sashi 0-0: Called Strike
0-1: SINGLE (Line Drive, 78S)
Patrick Eggen to third
José Rodríguez to second
Batting: RHB Dave Ash 0-0: Grounds into double play, 4-6-3 (Groundball, 4M)
Bottom of the 1st over - 0 runs, 2 hits, 0 errors, 2 left on base; Plymouth 0 - Pennsauken 0
TOP OF THE 2ND
Plymouth Rocks batting - Pitching for Pennsauken Flyers : LHP Osiris St. Brown
Batting: LHB Octávio Ontiveros 0-0: SINGLE (Line Drive, 9S)
Batting: LHB Jeff Lawson 0-0: Ball
1-0: Foul Ball, location: 2F
1-1: Ball
2-1: Fielders Choice at 2nd, 4-6 (Groundball, 4M)
Batting: RHB Kazu Hishida 0-0: Ball
1-0: Ball
2-0: Foul Ball, location: 2F
2-1: Foul Ball, location: 2F
2-2: Strikes out swinging
Batting: LHB Dae-ik Park 0-0: Ball
1-0: SINGLE (Line Drive, 9LS)
Jeff Lawson to second
Batting: LHB Jesús Guillén 0-0: Ball
1-0: Ball
2-0: Ball
3-0: Called Strike
3-1: Called Strike
3-2: Foul Ball, location: 2F
3-2: Base on Balls
Jeff Lawson to third
Dae-ik Park to second
Batting: RHB Cosmo Bjorkenheim 0-0: Ball
1-0: Fielders Choice at 2nd, 5-4 (Groundball, 5)
Top of the 2nd over - 0 runs, 2 hits, 0 errors, 3 left on base; Plymouth 0 - Pennsauken 0
BOTTOM OF THE 2ND
Pennsauken Flyers batting - Pitching for Plymouth Rocks : RHP Jeff Greer
Batting: RHB Raúl Moreno 0-0: Ball
1-0: Ball
2-0: Ground out 5-3 (Groundball, 56)
Batting: RHB Roy McFerran 0-0: Ball
1-0: Swinging Strike
1-1: Swinging Strike
1-2: Foul Ball, location: 2F
1-2: Ball
2-2: Ball
3-2: Base on Balls
Batting: RHB Clarence Therrien 0-0: Fielders Choice at 2nd, 1-4 (Groundball, 15S)
Batting: RHB John Downing Pickoff Throw to First - Error! E1
Clarence Therrien to second
0-0: Ball
1-0: Ball
2-0: Ball
3-0: Ground out 2-3 (Groundball, 2R)
Bottom of the 2nd over - 0 runs, 0 hits, 1 error, 1 left on base; Plymouth 0 - Pennsauken 0
TOP OF THE 3RD
Plymouth Rocks batting - Pitching for Pennsauken Flyers : LHP Osiris St. Brown
Batting: RHB Ernesto Trevino 0-0: Ball
1-0: Ball
2-0: Swinging Strike
2-1: Ball
3-1: Called Strike
3-2: Foul Ball, location: 2F
3-2: Base on Balls
Batting: RHB Xi-ku See-to 0-0: Ball
1-0: Foul Ball, location: 2F
1-1: Fly out, F5 (Popup, 56)
Batting: SHB Javier Vega 0-0: Ball
1-0: Called Strike
1-1: Foul Ball, location: 2F
1-2: Ball
2-2: Fly out, F3 (Popup, 3F)
Batting: LHB Octávio Ontiveros 0-0: Called Strike
0-1: Ball
1-1: Swinging Strike
1-2: Strikes out swinging
Top of the 3rd over - 0 runs, 0 hits, 0 errors, 1 left on base; Plymouth 0 - Pennsauken 0
BOTTOM OF THE 3RD
Pennsauken Flyers batting - Pitching for Plymouth Rocks : RHP Jeff Greer
Batting: RHB Patrick Eggen 0-0: Ground out 5-3 (Groundball, 56S)
Batting: RHB Leo Cadden 0-0: Ball
1-0: Foul Ball, location: 2F
1-1: Called Strike
1-2: Ball
2-2: Ground out 6-3 (Groundball, 6)
Batting: RHB José Rodríguez 0-0: Swinging Strike
0-1: Ball
1-1: Swinging Strike
1-2: Ball
2-2: Ball
3-2: Base on Balls
Batting: LHB Arana Sashi 0-0: Swinging Strike
0-1: Ball
1-1: Foul Ball, location: 2F
1-2: Ball
2-2: Ball
3-2: Base on Balls
José Rodríguez to second
Batting: RHB Dave Ash 0-0: Ball
1-0: Fly out, F8 (Line Drive, 78M)
Bottom of the 3rd over - 0 runs, 0 hits, 0 errors, 2 left on base; Plymouth 0 - Pennsauken 0
TOP OF THE 4TH
Plymouth Rocks batting - Pitching for Pennsauken Flyers : LHP Osiris St. Brown
Batting: LHB Jeff Lawson 0-0: Called Strike
0-1: Swinging Strike
0-2: Ball
1-2: Fly out, F8 (Flyball, 8RM)
Batting: RHB Kazu Hishida 0-0: Called Strike
0-1: Called Strike
0-2: Ball
1-2: Foul Ball, location: 2F
1-2: Foul Ball, location: 2F
1-2: Strikes out looking
Batting: LHB Dae-ik Park 0-0: Swinging Strike
0-1: Called Strike
0-2: Strikes out looking
Top of the 4th over - 0 runs, 0 hits, 0 errors, 0 left on base; Plymouth 0 - Pennsauken 0
BOTTOM OF THE 4TH
Pennsauken Flyers batting - Pitching for Plymouth Rocks : RHP Jeff Greer
Batting: RHB Raúl Moreno 0-0: Swinging Strike
0-1: Ball
1-1: Ball
2-1: Ball
3-1: Fly out, F7 (Flyball, 7)
Batting: RHB Roy McFerran 0-0: Ball
1-0: Ball
2-0: Fly out, F7 (Flyball, 78XD)
Batting: RHB Clarence Therrien 0-0: Called Strike
0-1: Called Strike
0-2: Ball
1-2: Ball
2-2: Strikes out swinging
Bottom of the 4th over - 0 runs, 0 hits, 0 errors, 0 left on base; Plymouth 0 - Pennsauken 0
TOP OF THE 5TH
Plymouth Rocks batting - Pitching for Pennsauken Flyers : LHP Osiris St. Brown
Batting: LHB Jesús Guillén 0-0: Ball
1-0: Called Strike
1-1: Swinging Strike
1-2: Strikes out looking
Batting: RHB Cosmo Bjorkenheim 0-0: Ground out 5-3 (Groundball, 5)
Batting: RHB Ernesto Trevino 0-0: Ball
1-0: Ball
2-0: Called Strike
2-1: Called Strike
2-2: Foul Ball, location: 2F
2-2: Foul Ball, location: 2F
2-2: Foul Ball, location: 2F
2-2: Fly out, F7 (Flyball, 7)
Top of the 5th over - 0 runs, 0 hits, 0 errors, 0 left on base; Plymouth 0 - Pennsauken 0
BOTTOM OF THE 5TH
Pennsauken Flyers batting - Pitching for Plymouth Rocks : RHP Jeff Greer
Batting: RHB John Downing 0-0: Foul Ball, location: 2F
0-1: Ball
1-1: Swinging Strike
1-2: Ball
2-2: Ball
3-2: TRIPLE (Flyball, 78XD)
Batting: RHB Patrick Eggen 0-0: SINGLE (Flyball, 8LS)
John Downing scores
Batting: RHB Leo Cadden 0-0: Called Strike
0-1: Foul Ball, location: 2F
0-2: SINGLE (Line Drive, 5D)
Patrick Eggen to second
Batting: RHB José Rodríguez 0-0: Called Strike
0-1: SINGLE (Line Drive, 6D)
Patrick Eggen to third
Leo Cadden to second
Runner from 3rd tries for Home, SAFE, no throw
Batting: LHB Arana Sashi 0-0: Foul Ball, location: 2F
0-1: Foul Ball, location: 2F
0-2: Ball
1-2: Ball
2-2: Strikes out swinging
Batting: RHB Dave Ash 0-0: Called Strike
0-1: Ball
1-1: Called Strike
1-2: Strikes out swinging
Batting: RHB Raúl Moreno 0-0: Ground out 5-3 (Groundball, 56)
Bottom of the 5th over - 2 runs, 4 hits, 0 errors, 2 left on base; Plymouth 0 - Pennsauken 2
TOP OF THE 6TH
Plymouth Rocks batting - Pitching for Pennsauken Flyers : LHP Osiris St. Brown
Batting: RHB Xi-ku See-to 0-0: Called Strike
0-1: Fly out, F8 (Flyball, 8LS)
Batting: SHB Javier Vega 0-0: Foul Ball, location: 2F
0-1: Called Strike
0-2: Ball
1-2: Ball
2-2: Ball
3-2: Base on Balls
Batting: LHB Octávio Ontiveros 0-0: SINGLE (Groundball, 6MD)
Javier Vega to second
Runner from 2nd tries for 3rd, SAFE, no throw
Batting: LHB Jeff Lawson 0-0: Ball
1-0: Ball
2-0: Called Strike
2-1: SINGLE (Groundball, 3D)
Javier Vega scores
Octávio Ontiveros to second
Runner from 2nd tries for 3rd, SAFE, no throw
Batting: RHB Kazu Hishida 0-0: Foul Ball, location: 2F
0-1: SINGLE (Line Drive, 9LM)
Octávio Ontiveros scores
Jeff Lawson to second
Runner from 2nd tries for 3rd, SAFE, no throw
Batting: LHB Dae-ik Park 0-0: Called Strike
0-1: Foul Ball, location: 2F
0-2: Foul Ball, location: 2F
0-2: Ball
1-2: Ball
2-2: Foul Ball, location: 2F
2-2: Fly out, F9 (Line Drive, 89XD)
Runner from 3rd tags up, SCORES, no throw
Batting: LHB Jesús Guillén 0-0: SINGLE (Groundball, 56D)
Kazu Hishida to second
Batting: RHB Cosmo Bjorkenheim 0-0: Ball
1-0: Swinging Strike
1-1: Foul Ball, location: 2F
1-2: Ball
2-2: Ball
3-2: Fly out, F8 (Flyball, 8RM)
Top of the 6th over - 3 runs, 4 hits, 0 errors, 2 left on base; Plymouth 3 - Pennsauken 2
BOTTOM OF THE 6TH
Pennsauken Flyers batting - Pitching for Plymouth Rocks : RHP Jeff Greer
Batting: RHB Roy McFerran 0-0: Called Strike
0-1: Ball
1-1: Called Strike
1-2: Ball
2-2: SINGLE (Groundball, 56D)
Batting: RHB Clarence Therrien 0-0: Foul Ball, location: 2F
0-1: Ground out U3 (Groundball, 3L)
Roy McFerran to second
Batting: RHB John Downing 0-0: Ball
1-0: Called Strike
1-1: Ball
2-1: Fly out, F9 (Flyball, 89M)
Batting: RHB Patrick Eggen 0-0: Ball
1-0: Ball
2-0: Called Strike
2-1: Ball
3-1: Base on Balls
Batting: RHB Leo Cadden 0-0: Swinging Strike
0-1: Swinging Strike
0-2: Ball
1-2: Foul Ball, location: 2F
1-2: Ball
2-2: Strikes out swinging
Bottom of the 6th over - 0 runs, 1 hit, 0 errors, 2 left on base; Plymouth 3 - Pennsauken 2
TOP OF THE 7TH
Plymouth Rocks batting - Pitching for Pennsauken Flyers : LHP Osiris St. Brown
Batting: RHB Ernesto Trevino 0-0: Ball
1-0: Ball
2-0: Fly out, F7 (Flyball, 7S)
Batting: RHB Xi-ku See-to 0-0: Called Strike
0-1: Ball
1-1: Foul Ball, location: 2F
1-2: Ball
2-2: Ball
3-2: Strikes out swinging
Batting: SHB Javier Vega 0-0: Ball
1-0: Foul Ball, location: 2F
1-1: Swinging Strike
1-2: Ball
2-2: Strikes out looking
Top of the 7th over - 0 runs, 0 hits, 0 errors, 0 left on base; Plymouth 3 - Pennsauken 2
BOTTOM OF THE 7TH
Pennsauken Flyers batting - Pitching for Plymouth Rocks : RHP Jeff Greer
Batting: RHB José Rodríguez 0-0: Called Strike
0-1: Foul Ball, location: 2F
0-2: Ball
1-2: Foul Ball, location: 2F
1-2: Foul Ball, location: 2F
1-2: Strikes out swinging
Batting: LHB Arana Sashi 0-0: Ball
1-0: Ground out 6-3 (Groundball, 6)
Batting: RHB Dave Ash 0-0: Called Strike
0-1: Ball
1-1: Swinging Strike
1-2: Ground out 5-3 (Groundball, 56S)
Bottom of the 7th over - 0 runs, 0 hits, 0 errors, 0 left on base; Plymouth 3 - Pennsauken 2
TOP OF THE 8TH
Plymouth Rocks batting - Pitching for Pennsauken Flyers : LHP Osiris St. Brown
Pitching: RHP Manny Hernández
Batting: LHB Octávio Ontiveros 0-0: Foul Ball, location: 2F
0-1: Called Strike
0-2: Ball
1-2: Ball
2-2: Strikes out swinging
Batting: LHB Jeff Lawson 0-0: Ground out 5-3 (Groundball, 5)
Batting: RHB Kazu Hishida 0-0: Swinging Strike
0-1: Ground out 6-3 (Groundball, 6)
Top of the 8th over - 0 runs, 0 hits, 0 errors, 0 left on base; Plymouth 3 - Pennsauken 2
BOTTOM OF THE 8TH
Pennsauken Flyers batting - Pitching for Plymouth Rocks : RHP Jeff Greer
Pitching: LHP Kyu-cheol P'yo
Batting: RHB Raúl Moreno 0-0: Called Strike
0-1: Called Strike
0-2: Ground out 6-3 (Groundball, 56)
Batting: RHB Roy McFerran 0-0: Called Strike
0-1: Ball
1-1: Foul Ball, location: 2F
1-2: Ball
2-2: Strikes out swinging
Batting: RHB Clarence Therrien 0-0: Ball
1-0: Ball
2-0: Called Strike
2-1: SINGLE (Line Drive, 89M)
Batting: RHB John Downing 0-0: Ball
1-0: Foul Ball, location: 2F
1-1: SINGLE (Line Drive, 6MD)
Clarence Therrien to second
Batting: RHB Patrick Eggen 0-0: Swinging Strike
0-1: Called Strike
0-2: SINGLE (Groundball, 56D)
Clarence Therrien to third
John Downing to second
Runner from 3rd tries for Home, SAFE, no throw
Pinch Runner at 2nd Jesús Sánchez:
Batting: RHB Leo Cadden 0-0: Fly out, F5 (Flyball, 5D)
Bottom of the 8th over - 1 run, 3 hits, 0 errors, 2 left on base; Plymouth 3 - Pennsauken 3
TOP OF THE 9TH
Plymouth Rocks batting - Pitching for Pennsauken Flyers : RHP Manny Hernández
Pitching: RHP Júlio Enríquez
Batting: LHB Dae-ik Park 0-0: SINGLE (Groundball, 4D)
Batting: LHB Jesús Guillén 0-0: Called Strike
0-1: Ball
1-1: Bunt missed!
1-2: Strikes out swinging
Pinch Hitting: LHB Lance Antle 0-0: Ball
1-0: Ball
2-0: Foul Ball, location: 2F
2-1: Fielders Choice at 2nd, 4-6 (Groundball, 4)
Batting: RHB Ernesto Trevino 0-0: Ball
1-0: Foul Ball, location: 2F
1-1: Ball
2-1: SINGLE (Line Drive, 9LS)
Lance Antle to second
Runner from 2nd tries for 3rd, SAFE, no throw
Batting: RHB Xi-ku See-to 0-0: Ball
1-0: Foul Ball, location: 2F
1-1: Swinging Strike
1-2: Ball
2-2: Ball
3-2: SINGLE (Flyball, 56D)
Lance Antle scores
Ernesto Trevino to second
Ernesto Trevino to third
Batting: SHB Javier Vega 0-0: Ball
1-0: Foul Ball, location: 2F
1-1: Ball
2-1: Swinging Strike
2-2: Strikes out swinging
Top of the 9th over - 1 run, 3 hits, 0 errors, 2 left on base; Plymouth 4 - Pennsauken 3
BOTTOM OF THE 9TH
Pennsauken Flyers batting - Pitching for Plymouth Rocks : LHP Kyu-cheol P'yo
Pitching: RHP Henry Henry
Now at 2B: Scott McMahon
Pinch Hitting: LHB Ignacio Martínez 0-0: Ground out U3 (Groundball, 3)
Batting: LHB Arana Sashi 0-0: Called Strike
0-1: Ball
1-1: Foul Ball, location: 2F
1-2: Ball
2-2: Strikes out swinging
Batting: RHB Dave Ash 0-0: Ball
1-0: SINGLE (Line Drive, 6MD)
Batting: RHB Raúl Moreno 0-0: Ball
1-0: Foul Ball, location: 2F
1-1: Swinging Strike
1-2: Ball
2-2: Fielders Choice at 2nd, 6-4 (Groundball, 6)
Bottom of the 9th over - 0 runs, 1 hit, 0 errors, 1 left on base; Plymouth 4 - Pennsauken 3
Friday, March 29th, 2019 - OOTP Baseball 18.8 Build 76